 Dungeon Crawl Stone Soup version 0.31-a0-187-gba352fbbf7 (webtiles) character file.

Game seed: 10023736398688732824

6022 ketsa the Cleaver (level 10, -1/88 HPs)
             Began as a Demigod Delver on June 22, 2023.
             Slain by a skyshark (2 damage)
             ... on level 9 of the Dungeon.
             The game lasted 00:22:40 (9942 turns).

ketsa the Cleaver (Demigod Delver)                  Turns: 9942, Time: 00:22:41

Health: -1/88      AC: 15    Str: 21    XL:     10   Next: 31%
Magic:  13/13      EV: 12    Int: 16    God:
Gold:   342        SH:  0    Dex: 15    Spells: 9/9 levels left

rFire   + . .        A - +5 war axe
rCold   . . .        (no shield)
rNeg    . . .        I - +1 ring mail {rF+}
rPois   .            (no helmet)
rElec   .            G - +0 cloak
rCorr   .            B - +2 pair of gloves
SInv    .            n - +2 pair of boots {Fly}
Will    +....        (no amulet)
Stlth   ++           (no ring)
HPRegen 0.34/turn    (no ring)
MPRegen 0.13/turn

%: no passive effects
@: flying, invisible
A: high MP 1, forlorn, divine attributes
a: no special abilities


You were on level 9 of the Dungeon.
You visited 2 branches of the dungeon, and saw 11 of its levels.

You collected 342 gold pieces.

Inventory:

Hand Weapons
 a - a +0 hand axe
 d - a +2 hand axe of draining
 y - a +0 battleaxe
 z - a +5 battleaxe
 A - a +5 war axe (weapon)
Missiles
 h - 24 poisoned darts (quivered)
 q - 5 boomerangs
 C - 5 throwing nets
Armour
 b - a +0 leather armour
 l - a +0 chain mail
 n - a +2 pair of boots of flying (worn)
 B - a +2 pair of gloves (worn)
 G - a +0 cloak (worn)
 I - a +1 ring mail of fire resistance (worn)
Wands
 g - a wand of digging (3)
 D - a wand of polymorph (17)
 N - a wand of flame (25)
 O - a wand of mindburst (19)
Scrolls
 e - a scroll of fear
 i - a scroll of immolation
 m - a scroll of brand weapon
 o - a scroll of enchant armour
 p - a scroll of noise {unknown}
 u - a scroll of amnesia {unknown}
 v - a scroll of revelation
 E - a scroll of blinking
 H - a scroll of torment {unknown}
 K - a scroll of silence {unknown}
 L - 2 scrolls of identify
 M - a scroll of teleportation {unknown}
Potions
 f - a potion of haste
 k - a potion of brilliance
 s - 2 potions of heal wounds
 t - a potion of attraction
 w - a potion of resistance {unknown}
 x - 2 potions of lignification {unknown}
 F - a potion of enlightenment {unknown}
 J - 2 potions of ambrosia {unknown}


   Skills:
 + Level 7.8 Fighting
 * Level 10.6 Axes
 + Level 6.3 Armour
 - Level 3.8 Dodging
 - Level 4.5 Stealth


You had 9 spell levels left.
You didn't know any spells.
Your spell library contained the following spells:

 Spells                   Type           Power      Damage    Failure   Level
 Slow                     Hex            0%         N/A       36%         1
 Ensorcelled Hibernation  Hex/Ice        0%         N/A       52%         2
 Confusing Touch          Hex            0%         N/A       75%         3
 Spider Form              Tmut/Pois      0%         N/A       75%         3
 Vampiric Draining        Necr           0%         2d6       75%         3
 Anguish                  Hex/Necr       0%         N/A       98%         4
 Summon Forest            Summ/Tloc      0%         N/A       100%        5
 Eringya's Noxious Bog    Tmut/Pois      0%         N/A       100%        6
 Summon Hydra             Summ           0%         N/A       100%        7


Dungeon Overview and Level Annotations

Branches:
Dungeon (10/15)            Temple (1/1) D:5
   Lair: D:8-11         Orc: D:9-12

Shops:
D:6 :

Annotations:
D:7 1 transporter


Innate Abilities, Weirdness & Mutations

You have an increased reservoir of magic. (+10% MP)
You shall have no god before yourself.
Your divine heritage dramatically boosts your attributes as you level up.


Message History

The skyshark misses you.
The skyshark tail-slaps you but does no damage.
You hit the skyshark.
The skyshark is heavily wounded.
Throw: 26 darts (poison)
Press: ? - help, Q - select action, (/) - cycle Shift-Dir - straight line, f/p - skyshark
Aim: a skyshark (heavily wounded, wandering, berserk, unable to see you, hasn't noticed you, 69% to hit)
You throw a poisoned dart. The poisoned dart hits the skyshark.
The skyshark is poisoned.
The skyshark is heavily wounded.
You hit the skyshark.
The skyshark is heavily wounded.
The skyshark barely misses you. x2; The skyshark closely misses you.
The skyshark bites you but does no damage.
The skyshark closely misses you.
The skyshark tail-slaps you but does no damage.
You strike the helpless skyshark from behind!
You hit the skyshark.
The skyshark is heavily wounded.
Throw: 25 darts (poison)
Press: ? - help, Q - select action, (/) - cycle Shift-Dir - straight line, f/p - skyshark
Aim: a skyshark (heavily wounded, berserk, unable to see you, poisoned, 69% to hit)
You throw a poisoned dart. The poisoned dart hits the skyshark.
The skyshark looks even sicker.
The skyshark is heavily wounded.
The skyshark barely misses you. The skyshark tail-slaps you.
* * * LOW HITPOINT WARNING * * *
The skyshark closely misses you.
You hit the skyshark.
The skyshark is heavily wounded.
The skyshark bites you!!
* * * LOW HITPOINT WARNING * * *
The skyshark closely misses you.
The skyshark tail-slaps you but does no damage.
The skyshark barely misses you. x3
You slice the skyshark!!
The skyshark is severely wounded.
The skyshark misses you. The skyshark closely misses you.
The skyshark tail-slaps you.
You die...

#.)...........# ###+#
#.............#
#..........○..#
#.............#
#.........#####
#...#####(# ###
##...#...#(# #..
#....#...#l# #..
####.#>..#@# #.. #.#'###.#
#.. ####.......# #..
#..........# #..
#..........# #..
##.........# #..
#.........# #..
#.........##############..
#.........................


You could see a skyshark (berserk, unable to see you, very poisoned).

Vanquished Creatures
  Harold (D:9)
  Joseph (D:7)
  Psyche (D:8)
  A wraith (D:7)
  A vampire (D:9)
  Grum (D:8)
  6 yaks
  Eustachio (D:5)
  4 water moccasins
  3 ice beasts
  An orc warrior (D:8)
  An ogre (D:5)
  2 wolves (D:8)
  4 centaurs
  3 phantoms
  3 bullfrogs
  A gnoll sergeant (D:7)
  2 scorpions
  5 wights (D:5)
  2 killer bees (D:9)
  7 orc priests
  5 hounds
  A gnoll bouda (D:7)
  A jelly (D:7)
  Jessica (D:2)
  4 iguanas
  10 orc wizards
  A sleepcap (D:5)
  13 gnolls
  6 adders
  2 shadow imps
  2 white imps
  3 worms
  A dart slug (D:5)
  17 orcs
  2 bats
  6 endoplasms
  6 giant cockroaches
  8 goblins
  3 hobgoblins
  A quokka (D:3)
  7 ball pythons
  2 frilled lizards
  6 kobolds
  8 rats
167 creatures vanquished.

Notes
Turn   | Place    | Note
-------+----------+-------------------------------------------
     0 | D:5      | ketsa the Demigod Delver began the quest for the Orb.
     0 | D:5      | Reached XP level 1. HP: 18/18 MP: 3/3
    12 | D:5      | Noticed an ogre
    55 | D:6      | Noticed a phantom
   149 | D:4      | Found a sand-covered staircase.
   149 | D:4      | Noticed an orc wizard
   150 | D:4      | Noticed an orc priest
   163 | D:3      | Reached skill level 2 in Axes
   218 | D:3      | Reached XP level 2. HP: 23/25 MP: 4/4
   239 | D:3      | Noticed a scorpion
   330 | D:2      | Noticed Jessica
   414 | D:2      | Killed Jessica
   415 | D:2      | Reached XP level 3. HP: 31/31 MP: 5/5
   689 | D:1      | Reached skill level 3 in Axes
  1502 | D:2      | Reached XP level 4. HP: 24/38 MP: 6/6
  2348 | D:3      | Reached XP level 5. HP: 38/45 MP: 7/7
  2434 | D:3      | Reached skill level 4 in Axes
  2560 | D:3      | Identified a scroll of acquirement
  2561 | D:3      | Acquired a +2 pair of boots of flying
  2982 | D:4      | Reached XP level 6. HP: 42/52 MP: 8/8
  3334 | D:5      | Reached skill level 5 in Axes
  3373 | D:5      | Reached XP level 7. HP: 9/60 MP: 9/9
  3869 | D:5      | Reached skill level 1 in Armour
  4234 | D:5      | Reached skill level 6 in Axes
  4447 | D:5      | Found a staircase to the Ecumenical Temple.
  4582 | D:5      | Noticed Eustachio
  4626 | D:5      | Killed Eustachio
  4627 | D:5      | Reached skill level 5 in Fighting
  5041 | Temple   | Entered the Ecumenical Temple
  5338 | D:6      | Reached XP level 8. HP: 59/68 MP: 10/10
  5496 | D:6      | Reached skill level 7 in Axes
  5977 | D:6      | Found Rairen's Tremendous Tomes.
  6289 | D:7      | Noticed Joseph
  6323 | D:7      | HP: 2/70 [Joseph/+0 quarterstaff (7)]
  6328 | D:7      | Killed Joseph
  6329 | D:7      | Reached skill level 8 in Axes
  6516 | D:7      | Reached XP level 9. HP: 71/75 MP: 11/11
  7167 | D:7      | Found a transporter.
  7413 | D:8      | Reached skill level 9 in Axes
  7746 | D:8      | Noticed Grum
  7756 | D:8      | Killed Grum
  7757 | D:8      | Reached skill level 5 in Armour
  8356 | D:8      | Noticed Psyche
  8406 | D:8      | Killed Psyche
  8900 | D:9      | Reached skill level 10 in Axes
  8900 | D:9      | Reached XP level 10. HP: 84/86 MP: 13/13
  9078 | D:9      | Noticed Harold
  9103 | D:9      | Killed Harold
  9181 | D:9      | Noticed a boulder beetle
  9183 | D:9      | Noticed a centaur warrior
  9184 | D:9      | Noticed a cyclops
  9229 | D:9      | HP: 1/88 [cyclops/large rock (26)]
  9533 | D:10     | Entered Level 10 of the Dungeon
  9928 | D:9      | a boulder beetle changed into a skyshark
  9928 | D:9      | Noticed a skyshark
  9941 | D:9      | HP: 1/88 [skyshark (18)]
  9942 | D:9      | Slain by a skyshark

Illustrated notes

Levels and vault maps discovered:
D:1:      lemuel_arrival_muddy, layout_loops_ring,
          dilly_ecumenical_altar_fadedgnrine, chequers_serial_rivers_small_b,
          minmay_split_cup_large
D:2:      layout_basic, basic_altar, uniq_jessica
D:3:      layout_loops_ring, dreamdust_divine_triumvirate,
          nicolae_ru_great_annihilating_truth, serial_park_tiny_pond,
          minivault_24
D:4:      cheibrodos_quashed, layout_basic, gammafunk_temple_overflow_elements,
          enter_ossuary_1
D:5:      layout_loops_ring, nicolae_kikubaaqudgha_miasma_corner,
          minmay_temple_entry_fiery, uniq_eustachio
D:6:      layout_loops_corners, makhleb_heckhound_becter, serial_park_tiny_1,
          minmay_crystal_water, nicolae_shop_i_like_big_books
D:7:      layout_loops_ring, grunt_nemelex_the_gamble, uniq_joseph
D:8:      layout_loops_ring, mainiacjoe_overflow_big_doors, uniq_grum,
          uniq_psyche
D:9:      minmay_tri_box, layout_irregular_city, david_orc_4, uniq_harold
D:10:     layout_rooms, lair_entry_dummy, hangedman_decor_push,
          dk_rats_in_the_wall
Temple:   nicolae_temple_ecumenical_triangle

Skill      XL: |  1  2  3  4  5  6  7  8  9 10 |
---------------+-------------------------------+-----
Axes           | 2 3 4 5 6 8 10 | 10.6
Dodging        | 2 3 |  3.8
Fighting       | 3 4 5 6 7 |  7.8
Armour         | 2 4 5 6 |  6.3
Stealth        | |  4.5

Action                     |  1- 3 |  4- 6 |  7- 9 | 10-12 || total
---------------------------+-------+-------+-------+-------++-------
  Melee: Hand axe          |    73 |   118 |    49 |       ||   240
         Punch             |     1 |     1 |     7 |       ||     9
         War axe           |       |       |   254 |    60 ||   314
         Battleaxe         |       |       |     1 |       ||     1
  Throw: Dart              |       |       |     2 |     2 ||     4
  Evoke: Wand              |       |       |       |     1 ||     1
    Use: Scroll            |     1 |    10 |       |     5 ||    16
         Potion            |       |     1 |     4 |     2 ||     7
   Stab: Sleeping          |     7 |     5 |     3 |       ||    15
         Distracted        |       |     1 |       |       ||     1
         Invisible         |       |       |       |     6 ||     6
 Armour: Leather armour    |    12 |    18 |       |       ||    30
         Chain mail        |       |       |    42 |       ||    42
         Ring mail         |       |       |    84 |    37 ||   121
  Dodge: Dodged            |    49 |    60 |   168 |    58 ||   335

Table legend: (Time is in decaauts)
 A = Elapsed time spent in this place.
 B = Non-inter-level travel time spent in this place.
 C = Inter-level travel time spent in this place.
 D = Time resting spent in this place.
 E = Time spent auto-exploring this place.
 F = Levels seen in this place.
 G = Mean time per level.
                   A        B        C        D        E       F      G
               +--------+--------+--------+--------+--------+-----+--------+
         Total |   9978 |   9569 |    409 |   2632 |   4463 |  11 |  907.1 |
       Dungeon |   9936 |   9527 |    409 |   2632 |   4440 |  10 |  993.6 |
        Temple |     41 |     41 |      0 |      0 |     23 |   1 |   41.0 |
               +--------+--------+--------+--------+--------+-----+--------+

Top non-repeatable levels by time:
     D:5: 1839 daAuts
     D:8: 1453 daAuts
     D:9: 1243 daAuts
     D:7: 1073 daAuts
     D:6: 1060 daAuts
     D:2: 881 daAuts
     D:3: 878 daAuts
     D:1: 853 daAuts
     D:4: 647 daAuts
  Temple: 41 daAuts
    D:10: 4 daAuts
